Map: Berlingrad LE

Players

A.I. 2 (Very Easy)

  • Race: Terran Terran

Richard - Winner!

  • Race: Zerg Zerg
  • League: Master

VOD

Have the link to the VOD?

Description

Time

  • Played on: Feb. 27, 2022, 10:56 p.m.
  • Length: 6:31
Show
View Real Time Build Order
Export as new Build Order

A.I. 2 (Very Easy) Terran 

Build Orders: Reaper Expand 

Get SALT Encoding   

  12  0:00  SCV  
  13  0:13  SCV  
  14  0:18  Supply Depot  
  14  0:42  Barracks  
  14  1:03  Command Center  
  14  1:30  Orbital Command, Supply Depot  
  14  1:31  Marine  
  15  1:36  Refinery  
  15  1:47  Refinery  
  15  1:56  SCV  
  16  2:08  SCV  
  17  2:14  SCV  
  18  2:15  Reaper  
  18  2:22  SCV  
  20  2:29  SCV  
  21  2:36  SCV  
  22  2:43  SCV  
  23  2:48  Refinery  
  23  2:50  SCV  
  24  2:57  Marine, SCV  
  26  3:05  SCV  
  27  3:12  SCV, Factory  
  28  3:33  Refinery  
  28  3:34  SCV  
  29  3:38  Marine  
  29  3:41  SCV  
  31  3:48  SCV  
  32  3:50  Supply Depot  
  32  3:55  SCV  
  33  3:59  Starport  
  33  4:02  SCV  
  34  4:09  SCV  
  35  4:17  SCV  
  36  4:20  Reaper  
  36  4:24  SCV  
  39  4:31  SCV  
  39  4:35  Supply Depot  
  39  4:36  Starport Tech Lab  
  40  4:38  SCV  
  41  4:45  SCV  
  42  4:52  SCV  
  42  4:53  Barracks Tech Lab  
  42  4:54  Raven  
  45  5:00  SCV  
  45  5:07  SCV  
  45  5:10  Marine  
  46  5:14  SCV  
  47  5:21  SCV  
  44  5:34  SCV  
  43  5:40  Hellion  
  43  5:41  SCV  
  43  5:42  Supply Depot  
  37  5:49  SCV  
  32  5:56  SCV  
  30  6:03  SCV  
  29  6:09  Hellion  
  29  6:10  SCV  
Show
View Real Time Build Order
Export as new Build Order

Richard Zerg - Winner!

Build Orders: Hatch First 

Get SALT Encoding   

  12  0:00  Drone  
  13  0:12  Overlord  
  13  0:16  Drone  
  14  0:31  Drone x2  
  16  0:48  Hatchery  
  15  0:52  Drone  
  15  0:55  Drone  
  17  0:59  Drone  
  18  1:13  Spawning Pool  
  18  1:15  Drone  
  18  1:18  Extractor  
  18  1:20  Drone  
  18  1:28  Drone  
  19  1:41  Drone  
  20  1:49  Drone  
  21  2:00  Overlord  
  21  2:04  Queen x2  
  21  2:06  Zergling x2  
  26  2:12  Zergling x2  
  26  2:15  Drone  
  28  2:22  Drone x2  
  30  2:34  Overlord  
  30  2:35  Drone  
  31  2:40  Queen  
  31  2:41  Lair  
  33  2:46  Drone x2  
  35  2:54  Evolution Chamber  
  35  2:55  Drone x2  
  36  3:01  Roach Warren  
  36  3:05  Drone x2  
  36  3:12  Overlord  
  37  3:14  Drone x3  
  40  3:20  Zerg Missile Weapons Level 1  
  40  3:23  Drone, Extractor  
  40  3:24  Extractor  
  40  3:26  Drone  
  40  3:27  Drone  
  40  3:32  Evolution Chamber  
  40  3:35  Drone x2  
  40  3:38  Drone  
  40  3:39  Drone  
  44  3:42  Glial Reconstitution  
  44  3:48  Overlord  
  44  3:49  Drone  
  44  3:51  Drone  
  46  3:56  Drone x2  
  46  3:58  Drone  
  46  4:02  Overlord  
  49  4:05  Overlord  
  49  4:08  Roach  
  51  4:11  Roach  
  51  4:14  Roach  
  51  4:16  Roach  
  57  4:25  Roach x3  
  57  4:28  Roach  
  65  4:32  Overlord  
  65  4:35  Overlord  
  65  4:38  Roach x2  
  69  4:41  Roach  
  69  4:44  Roach  
  73  4:53  Roach x2  
  73  4:54  Roach  
  73  4:57  Overlord x2  
  79  5:00  Roach  
  79  5:05  Roach x2  
  79  5:06  Roach  
  87  5:10  Roach  
  87  5:13  Roach  
  91  5:19  Roach  
  93  5:23  Roach x3  
  93  5:24  Roach  
  99  5:30  Overlord x2  
  99  5:32  Roach  
  99  5:35  Roach  
  103  5:39  Roach  
  105  5:43  Roach  
  107  5:50  Roach  
  109  5:57  Spore Crawler, Drone  
  109  5:59  Drone  
  109  6:00  Spore Crawler  
  109  6:03  Roach x4  
  117  6:07  Overlord  
  117  6:10  Overlord  
Tags
 
Add a new tag
Caveats
  • Supply blocks, unpowered buildings, or Contaminate may cause inaccurate times.
  • Supply counts are checked every 10 seconds.